 Dungeon Crawl Stone Soup version 0.30-a0-743-gbfdf073 (webtiles) character file.

Game seed: 5205837280851196869

22911 Amidamage the Summoner (level 12, -4/85 HPs)
             Began as a Demigod Summoner on Feb 9, 2023.
             Slain by a +2 long sword of electrocution (22 damage)
             ... on level 1 of the Elven Halls.
             The game lasted 01:47:33 (15913 turns).

Amidamage the Summoner (Demigod Summoner)          Turns: 15913, Time: 01:47:34

Health: -4/85      AC: 15    Str:  9    XL:     12   Next: 35%
Magic:  24/33      EV: 18    Int: 39    God:
Gold:   1580       SH:  0    Dex: 14    Spells: 12/35 levels left

rFire   . . .      SeeInvis .    y - +5 quarterstaff (chaos)
rCold   . . .      Faith    .    (shield currently unavailable)
rNeg    . . .      Spirit   .    M - +2 robe {Archmagi}
rPois   .          Reflect  .    i - +1 helmet
rElec   .          Harm     .    z - +2 cloak {Will+}
rCorr   .          Rampage  .    K - +2 pair of gloves
Will    ++...      Archmagi +    j - +2 pair of boots
Stlth   ++                       (no amulet)
HPRegen 0.34/turn                a - +6 ring of intelligence
MPRegen 0.23/turn                J - +5 ring of evasion

@: no status effects
A: high MP 1, forlorn, divine attributes
a: no special abilities


You were on level 1 of the Elven Halls.
You visited 4 branches of the dungeon, and saw 13 of its levels.
You visited 1 bazaar.

You collected 2254 gold pieces.
You spent 674 gold pieces at shops.

Inventory:

Hand Weapons
 k - a +4 dagger
 y - a +5 quarterstaff of chaos (weapon)
Armour
 i - a +1 helmet (worn)
 j - a +2 pair of boots (worn)
 z - a +2 cloak of willpower (worn)
 A - +0 steam dragon scales
 K - a +2 pair of gloves (worn)
 M - a +2 robe of the Archmagi (worn)
Jewellery
 a - a +6 ring of intelligence (left hand)
 e - a ring of protection from fire
 m - a ring of wizardry
 u - a ring of protection from cold
 v - a ring of see invisible
 J - a +5 ring of evasion (right hand)
Wands
 x - a wand of flame (32)
 C - a wand of roots (4)
Scrolls
 d - a scroll of identify
 f - a scroll of poison
 g - a scroll of enchant weapon
 p - 3 scrolls of teleportation
Potions
 b - a potion of magic
 c - 3 potions of curing
 h - a potion of resistance
 o - a potion of degeneration
 r - 2 potions of lignification
 B - 2 potions of might
 D - a potion of ambrosia
 F - a potion of cancellation
 G - a potion of berserk rage


   Skills:
 + Level 1.7 Fighting
 + Level 2.0 Short Blades
 + Level 2.4 Staves
 + Level 3.1 Dodging
 + Level 3.5 Stealth
 + Level 0.6 Unarmed Combat
 + Level 12.3 Spellcasting
 + Level 3.8 Hexes
 + Level 12.9 Summonings
 + Level 3.2 Air Magic


You had 12 spell levels left.
You knew the following spells:

 Your Spells              Type           Power      Damage    Failure   Level
a - Summon Small Mammal   Summ           100%       N/A       0%          1
b - Call Canine Familiar  Summ           100%       N/A       1%          3
c - Summon Guardian Gole  Hex/Summ       94%        N/A       1%          3
d - Summon Lightning Spi  Summ/Air       92%        N/A       1%          4
e - Swiftness             Air            65%        N/A       1%          3
f - Airstrike             Air            32%        2d(5-21)  4%          4
g - Arcjolt               Conj/Air       26%        1d36      22%         5

Your spell library contained the following spells:

 Spells                   Type           Power      Damage    Failure   Level
 Call Imp                 Summ           100%       N/A       0%          2
 Apportation              Tloc           72%        N/A       1%          1
 Necrotise                Necr           100%       1d9       1%          1
 Shock                    Conj/Air       100%       1d9       1%          1
 Cigotuvi's Dreadful Rot  Necr/Pois/Air  96%        N/A       1%          2
 Poisonous Vapours        Pois/Air       100%       N/A       1%          2
 Static Discharge         Conj/Air       100%       2-7/arc   1%          2
 Dazzling Flash           Conj/Hex       100%       N/A       1%          3
 Vhi's Electric Charge    Tloc/Air       100%       N/A       2%          3
 Mephitic Cloud           Conj/Pois/Air  48%        N/A       3%          3
 Hailstorm                Conj/Ice       36%        3d9       4%          3
 Ignite Poison            Fire/Tmut/Pois 36%        N/A       4%          3
 Silence                  Hex/Air        33%        N/A       10%         5
 Ice Form                 Ice/Tmut       36%        N/A       16%         4
 Sticky Flame             Conj/Fire      36%        2d6       16%         4
 Lightning Bolt           Conj/Air       26%        1d42      22%         5
 Agony                    Necr           36%        N/A       38%         5
 Simulacrum               Ice/Necr       18%        N/A       93%         6
 Borgnjor's Revivificati  Necr           18%        N/A       100%        8
 Ignition                 Fire           18%        3d7       100%        8
 Necromutation            Tmut/Necr      18%        N/A       100%        8
 Death's Door             Necr           18%        N/A       100%        9


Dungeon Overview and Level Annotations

Branches:
Dungeon (9/15)             Temple (1/1) D:6             Orc (2/2) D:9
    Elf (1/3) Orc:2
   Lair: D:8-11

Shops:
D:1 (   D:2 *=   Orc:2 =(?=*

Annotations:
D:9 Gastronok
Orc:1 2 transporters, heathens's ghost, journeyman MiBe
Elf:1 Zenata


Innate Abilities, Weirdness & Mutations

You have an increased reservoir of magic. (+10% MP)
You shall have no god before yourself.
Your divine heritage dramatically boosts your attributes as you level up.


Message History

Your guardian golem is engulfed in blazing flames.
Flame seeps out of your guardian golem.
Your guardian golem disappears in a puff of smoke!
The +2 long sword of electrocution hits you!
You swap places.
The +2 long sword of electrocution hits your warg.
Your warg bites the +2 long sword of electrocution but does no damage.
The +2 long sword of electrocution hits your warg!
Lightning courses through your warg!!
Your warg dies!
Your warg's corpse disappears in a puff of smoke!
Your rat bites the +2 long sword of electrocution.
Your rat barely misses the +2 long sword of electrocution.
Casting: Summon Small Mammal (safe; 0% risk of failure)
Confirm with . or Enter, or press ? or * to list all spells.
You feel a surge of power!
A guardian golem appears, shielding your allies.
The +2 long sword of electrocution completely misses you.
Your rat bites the +2 long sword of electrocution but does no damage. x2
Casting: Summon Guardian Golem (safe; 1% risk of failure)
Confirm with . or Enter, or press ? or * to list all spells.
You feel a surge of power!
Your rat disappears in a puff of smoke!
The +2 long sword of electrocution hits you!
Your rat completely misses the +2 long sword of electrocution.
The +2 long sword of electrocution hits you!
* * * LOW HITPOINT WARNING * * *
Your rat closely misses the +2 long sword of electrocution.
You swap places.
The +2 long sword of electrocution hits your rat!
Your rat dies!
Your rat's corpse disappears in a puff of smoke!
Your rat bites the +2 long sword of electrocution but does no damage.
Casting: Summon Small Mammal (safe; 0% risk of failure)
Confirm with . or Enter, or press ? or * to list all spells.
You feel a surge of power!
The +2 long sword of electrocution hits you.
* * * LOW HITPOINT WARNING * * *
The +2 long sword of electrocution hits you!!
You die...

############'#
#..#..#####..'..#
.^....
....#..#..'...#..#..#
......
....#..#..#[..#..#..#
......
...#..#..#...#..#..'
####.e
#..#..#..#####..#..#
.
#..#..'.........#..#
#..#9r#.........#..#
#..#(.###########..#
#..@.........
#.r#....>....
#..#..###+##.
.'..#..# ..#..#..#
####..#..# ...#..#
...#...


You could see a +2 long sword of electrocution (ally target), a friendly
guardian golem (summoned) and 2 friendly rats.

Vanquished Creatures
  An orc high priest (Orc:2)
  A deep elf pyromancer (Elf:1)
  A shadow (D:9)
  A steam dragon (D:8)
  A jelly (D:6)
  A hound (D:5)
  2 orc priests
  An orc wizard (D:4)
  3 adders
  9 orcs
  A bat (D:3)
  3 endoplasms
  4 hobgoblins
  2 frilled lizards
31 creatures vanquished.

Vanquished Creatures (collateral kills)
  An orc warlord (Orc:1)
  A two-headed ogre (D:9)
  A dancing weapon (Elf:1)
  2 orc high priests (Orc:2)
  Sonja (Orc:1)
  Pikel (D:4)
  3 orc sorcerers (Orc:1)
  2 deep elf zephyrmancers (Elf:1)
  4 orc knights
  3 deep elf pyromancers (Elf:1)
  A cyclops (Orc:1)
  2 trolls
  A wraith (D:9)
  A wyvern (D:8)
  A water elemental (Elf:1)
  2 steam dragons
  A vampire mosquito (D:9)
  2 wargs (Orc:2)
  An acid dragon (D:9)
  3 water moccasins
  An ice beast (D:6)
  2 black bears
  23 orc warriors
  5 ogres
  A phantom (D:6)
  A centaur (D:5)
  A kobold brigand (D:8)
  2 scorpions
  2 necrophages (D:5)
  9 wights
  A howler monkey (D:7)
  2 jellies
  2 hounds (D:5)
  26 orc priests
  16 orc wizards
  3 iguanas
  The ghost of steven32 the Sneak, a weakling AtDe (D:7)
  Robin (D:2)
  A gnoll (D:5)
  5 adders
  A white imp (D:8)
  An ufetubus (D:5)
  3 worms
  2 dart slugs (D:3)
  79 orcs
  4 ball pythons
  6 endoplasms
  3 giant cockroaches
  16 goblins
  7 hobgoblins
  6 quokkas
  5 bats
  A frilled lizard (D:2)
  7 kobolds
  5 rats
285 creatures vanquished.

Vanquished Creatures (others)
  2 orc high priests (Orc:2)
  2 orc knights (Orc:2)
  A deep elf pyromancer (Elf:1)
  A deep elf zephyrmancer (Elf:1)
  3 trolls
  A vampire mosquito (D:9)
  8 orc warriors
  A phantom (D:6)
  2 wights (D:7)
  A howler monkey (D:6)
  2 electric eels (D:6)
  Crazy Yiuf (D:6)
  An iguana (D:7)
  2 gnolls (D:5)
  4 orcs
  11 plants (D:6)
43 creatures vanquished.

Grand Total: 359 creatures vanquished

Notes
Turn   | Place    | Note
-------+----------+-------------------------------------------
     0 | D:1      | Amidamage the Demigod Summoner began the quest for the Orb.
     0 | D:1      | Reached XP level 1. HP: 14/14 MP: 5/5
   228 | D:1      | Reached XP level 2. HP: 20/20 MP: 4/7
   721 | D:1      | Found Zahaeq's Weapon Shop.
  1396 | D:2      | Found Xewirphuo's General Store.
  1461 | D:2      | Reached XP level 3. HP: 26/26 MP: 5/8
  1465 | D:2      | Learned a level 3 spell: Call Canine Familiar
  1702 | D:2      | Noticed Robin
  1740 | D:2      | Killed Robin
  1759 | D:2      | Reached XP level 4. HP: 28/33 MP: 3/10
  1843 | D:2      | Found Subuyg's Jewellery Boutique.
  3205 | D:4      | Learned a level 3 spell: Summon Guardian Golem
  3392 | D:4      | Noticed Pikel
  3392 | D:4      | Noticed a lemure
  3392 | D:4      | Noticed a lemure
  3392 | D:4      | Noticed a lemure
  3396 | D:4      | Noticed a lemure
  3532 | D:4      | Noticed a black bear
  3546 | D:4      | Killed a black bear
  3547 | D:4      | Reached skill level 5 in Summonings
  3547 | D:4      | Reached XP level 5. HP: 39/39 MP: 2/12
  3791 | D:4      | Reached XP level 6. HP: 31/46 MP: 10/14
  3968 | D:4      | Learned a level 4 spell: Summon Lightning Spire
  3994 | D:4      | Identified the +1 war axe "Glorpo" {flame, Int-3 Dex+6
                  | SInv}
  4033 | D:4      | Killed Pikel
  4034 | D:4      | Reached skill level 1 in Fighting
  4034 | D:4      | Reached skill level 1 in Short Blades
  4034 | D:4      | Reached skill level 1 in Hexes
  4034 | D:4      | Reached XP level 7. HP: 31/52 MP: 8/17
  4470 | D:5      | Entered Level 5 of the Dungeon
  4499 | D:5      | Reached skill level 5 in Spellcasting
  4970 | D:5      | Reached XP level 8. HP: 59/59 MP: 17/19
  5815 | D:5      | Learned a level 3 spell: Swiftness
  5877 | D:6      | Found a staircase to the Ecumenical Temple.
  5887 | Temple   | Entered the Ecumenical Temple
  5887 | Temple   | Found a transporter.
  5887 | Temple   | Found a transporter.
  5889 | Temple   | Found a transporter.
  5889 | Temple   | Found a transporter.
  6948 | D:6      | Found a runed translucent door.
  6949 | D:6      | Noticed Crazy Yiuf
  6964 | D:6      | Killed Crazy Yiuf
  7670 | D:7      | Reached skill level 1 in Staves
  7670 | D:7      | Reached XP level 9. HP: 64/64 MP: 16/23
  7971 | D:7      | Reached skill level 1 in Air Magic
  8270 | D:7      | Found a runed translucent door.
  8271 | D:7      | Noticed steven32's ghost (weakling AtDe)
  8285 | D:7      | Killed steven32's ghost
 10044 | D:9      | Reached XP level 10. HP: 60/71 MP: 4/26
 10413 | D:9      | Noticed a two-headed ogre
 10427 | D:9      | Killed a two-headed ogre
 10492 | D:9      | Reached skill level 10 in Summonings
 10509 | D:9      | Noticed Gastronok
 10845 | D:9      | Found a staircase to the Orcish Mines.
 11012 | Orc:1    | Entered Level 1 of the Orcish Mines
 11013 | Orc:1    | Noticed a cyclops
 11025 | Orc:1    | Killed a cyclops
 11159 | Orc:1    | Noticed an orc knight
 11169 | Orc:1    | Killed an orc knight
 11191 | Orc:1    | Noticed an orc knight
 11191 | Orc:1    | Noticed a two-headed ogre
 11192 | Orc:1    | Noticed heathens's ghost (journeyman MiBe)
 11193 | Orc:1    | Noticed a two-headed ogre
 11193 | Orc:1    | Noticed a moth of wrath
 11193 | Orc:1    | Noticed an orc knight
 11202 | Orc:1    | Found the +5 Lochaber axe {reach-cleave, Poleaxe Drain}
 11209 | Orc:1    | Found a transporter.
 11212 | Orc:1    | Found a transporter.
 11344 | Orc:1    | Noticed Sonja
 11352 | Orc:1    | Killed Sonja
 11585 | Orc:1    | Noticed an orc sorcerer
 11598 | Orc:1    | Killed an orc sorcerer
 11601 | Orc:1    | Noticed an orc warlord
 11607 | Orc:1    | Noticed an orc sorcerer
 11621 | Orc:1    | Reached skill level 10 in Spellcasting
 11623 | Orc:1    | Killed an orc warlord
 11624 | Orc:1    | Reached XP level 11. HP: 77/77 MP: 9/29
 11861 | Orc:1    | Noticed a sun demon
 12448 | Orc:2    | Entered Level 2 of the Orcish Mines
 12448 | Orc:2    | Found Mybopryli's Jewellery Emporium.
 12455 | Orc:2    | Bought a +6 ring of intelligence for 360 gold pieces
 12524 | Orc:2    | Found a flickering gateway to a bazaar.
 12529 | Bazaar   | Entered a bazaar
 12536 | Bazaar   | Found Peubluso's Distillery.
 12536 | Bazaar   | Found Zythruc's Assorted Antiques.
 12548 | Bazaar   | Bought a potion of invisibility for 152 gold pieces
 12566 | Bazaar   | Found Folae's Armour Boutique.
 12581 | Bazaar   | Found Dicoxuce's Magic Scroll Shop.
 12586 | Bazaar   | Bought a scroll of enchant armour for 97 gold pieces
 12586 | Bazaar   | Bought a scroll of identify for 26 gold pieces
 12634 | Orc:2    | Found a staircase to the Elven Halls.
 12865 | Orc:2    | Noticed an orc knight
 12885 | Orc:2    | Killed an orc knight
 13259 | Orc:2    | Noticed an orc high priest
 13270 | Orc:2    | Killed an orc high priest
 13303 | Orc:2    | Noticed an orc high priest
 13305 | Orc:2    | Noticed an orc knight
 13306 | Orc:2    | Killed an orc high priest
 13315 | Orc:2    | Noticed an orc knight
 13317 | Orc:2    | Noticed an orc knight
 13325 | Orc:2    | Killed an orc knight
 13368 | Orc:2    | Killed an orc knight
 13791 | Orc:2    | Noticed an orc high priest
 13796 | Orc:2    | Killed an orc high priest
 13923 | Orc:2    | Noticed an orc knight
 13939 | Orc:2    | Killed an orc knight
 14051 | Orc:2    | Killed an orc knight
 14205 | Orc:2    | Noticed an orc high priest
 14223 | Orc:2    | Noticed a sixfirhy
 14258 | Orc:2    | Killed an orc high priest
 14259 | Orc:2    | Reached XP level 12. HP: 72/84 MP: 4/32
 14430 | Orc:2    | Found Wisof's Magic Scroll Shop.
 14432 | Orc:2    | Found Hysmiojif's Jewellery Boutique.
 14432 | Orc:2    | Found Umeprat's Assorted Antiques.
 14433 | Orc:2    | Found Hoinimm's Antique Weapon Shop.
 14446 | Orc:2    | Bought a scroll of teleportation for 39 gold pieces
 14455 | Orc:2    | Identified a scroll of acquirement
 14455 | Orc:2    | Acquired 995 gold pieces
 14467 | Orc:2    | Learned a level 3 spell: Swiftness
 14472 | Orc:2    | Learned a level 4 spell: Airstrike
 14849 | Elf:1    | Entered Level 1 of the Elven Halls
 15233 | Elf:1    | Noticed Zenata
 15475 | Elf:1    | Learned a level 5 spell: Arcjolt
 15913 | Elf:1    | Slain by a +2 long sword of electrocution

Illustrated notes

Levels and vault maps discovered:
D:1:      sevenhm_arrival_forest_fort_small_6, layout_basic, serial_shops,
          nicolae_shop_trees
D:2:      layout_rooms, serial_shops, shop,
          nicolae_shop_temple_entry_statues_fountains,
          kennysheep_generic_room_14, uniq_robin
D:3:      layout_basic, grunt_decor_one_mirror
D:4:      layout_layer_cave, kennysheep_mini, mainiacjoe_overflow_24_doors,
          minmay_misc_feat_nine_boxes, uniq_pikel
D:5:      layout_basic, kennysheep_cluttered_room,
          chequers_serial_rivers_micro_c
D:6:      layout_loops_ring, mainiacjoe_overflow_cross_hatched,
          minmay_temple_entry_slanted, serial_bayou_lake_a,
          uniq_crazy_yiuf_cottage
D:7:      layout_layer_cave, ebering_ghost_inner_flame, nicolae_wand_duel,
          grunt_ministairs_15, glass_columns_a
D:8:      layout_loops_ring, grunt_ministairs_1
D:9:      layout_rooms, nicolae_overflow_hidden_temple, david_orc_5,
          uniq_gastronok
Temple:   hellmonk_temple_divided_pantheon
Orc:1:    layout_diamond_mine, gammafunk_ghost_wrathful_warriors, uniq_sonja
Orc:2:    st_orc_pillars, layout_caves, basic_altar, serial_shops,
          bzr_entry_road, minmay_shop_enchanted_jewellery
Elf:1:    eino_elf_arrival_the_gate, layout_onion_city,
          hangedman_elven_crosses_minicolossus, uniq_zenata

Skill      XL: |  1  2  3  4  5  6  7  8  9 10 11 12 |
---------------+-------------------------------------+-----
Stealth        | 2 3 |  3.5
Summonings     | 4 5 6 7 9 11 12 | 12.9
Spellcasting   | 2 3 4 5 6 8 10 11 12 | 12.3
Dodging        | 2 3 |  3.1
Fighting       | 1 |  1.7
Short Blades   | 1 2 |  2.0
Hexes          | 1 2 3 |  3.8
Staves         | 1 2 |  2.4
Air Magic      | 1 2 3 |  3.2
Unarmed Combat | |  0.6

Action                     |  1- 3 |  4- 6 |  7- 9 | 10-12 || total
---------------------------+-------+-------+-------+-------++-------
  Melee: Unarmed           |    42 |     1 |       |       ||    43
         Punch             |     3 |       |       |       ||     3
         Dagger            |       |    38 |     9 |       ||    47
         Quarterstaff      |       |       |    16 |    40 ||    56
   Cast: Summon Small Mamm |    54 |    25 |    68 |   162 ||   309
         Call Canine Famil |     3 |    14 |    42 |    66 ||   125
         Summon Guardian G |       |     3 |    20 |    47 ||    70
         Summon Lightning  |       |     1 |     6 |    31 ||    38
         Swiftness         |       |       |     4 |     7 ||    11
         Airstrike         |       |       |       |     3 ||     3
    Use: Scroll            |       |       |     8 |    18 ||    26
         Potion            |       |       |       |     6 ||     6
   Stab: Sleeping          |     1 |     1 |     1 |       ||     3
         Distracted        |       |     2 |     1 |       ||     3
 Armour: Robe              |    18 |     7 |     4 |    18 ||    47
         Steam dragon scal |       |       |     2 |     6 ||     8
  Dodge: Dodged            |    43 |    17 |    25 |    56 ||   141

Table legend: (Time is in decaauts)
 A = Elapsed time spent in this place.
 B = Non-inter-level travel time spent in this place.
 C = Inter-level travel time spent in this place.
 D = Time resting spent in this place.
 E = Time spent auto-exploring this place.
 F = Levels seen in this place.
 G = Mean time per level.
                   A        B        C        D        E       F      G
               +--------+--------+--------+--------+--------+-----+--------+
         Total |  15935 |  15935 |      0 |   1717 |   9627 |  14 | 1138.2 |
       Dungeon |  10988 |  10988 |      0 |    316 |   7828 |   9 | 1220.9 |
        Temple |     39 |     39 |      0 |      0 |      0 |   1 |   39.0 |
  Orcish Mines |   3998 |   3998 |      0 |   1071 |   1697 |   2 | 1999.0 |
   Elven Halls |    832 |    832 |      0 |    330 |    102 |   1 |  832.0 |
        Bazaar |     75 |     75 |      0 |      0 |      0 |   1 |   75.0 |
               +--------+--------+--------+--------+--------+-----+--------+

Top non-repeatable levels by time:
   Orc:2: 2560 daAuts
     D:6: 1661 daAuts
   Orc:1: 1438 daAuts
     D:7: 1437 daAuts
     D:4: 1406 daAuts
     D:5: 1403 daAuts
     D:1: 1387 daAuts
     D:9: 1012 daAuts
     D:8: 1004 daAuts
     D:3: 937 daAuts
   Elf:1: 832 daAuts
     D:2: 737 daAuts
  Bazaar: 75 daAuts
  Temple: 39 daAuts
